 Dungeon Crawl Stone Soup version 0.19-a0-503-g45a6586 (webtiles) character file.

12170 oplop the Octopoid Aeon (level 11, -6/75 HPs)
             Began as an Octopode Ice Elementalist on June 5, 2016.
             Was the Champion of Cheibriados.
             Mangled by Mygna's ghost (19 damage)
             ... on level 11 of the Dungeon.
             The game lasted 00:37:33 (12137 turns).

oplop the Octopoid Aeon (OpIE)                     Turns: 12137, Time: 00:37:33

Health: -6/75      AC:  1    Str: 17    XL:     11   Next: 89%
Magic:  22/22      EV: 17    Int: 39    God:    Cheibriados [******]
Gold:   552        SH:  0    Dex: 29    Spells: 6 memorised, 4 levels left

rFire  . . .     SeeInvis +     C - +8 dagger of the Valley {vamp, +Blink rElec rN+++ Str-5}
rCold  . . .     Gourm    .     (no shield)
rNeg   + + +     Faith    .     o - +0 hat {MR+}
rPois  .         Spirit   .     g - amulet of harm
rElec  +         Dismiss  .     n - +4 ring of intelligence
rCorr  .         Reflect  .     x - ring of sustain attributes
SustAt +         Harm     +     t - ring of see invisible
MR     +....                    (no ring)
Stlth  ++++......               (no ring)
                                (no ring)
                                (no ring)
                                (no ring)

@: very slow, somewhat resistant to hostile enchantments, stealthy
A: almost no armour, amphibious, 8 rings, constrict 8, camouflage 1, gelatinous
body 1
a: Bend Time, Temporal Distortion, Slouch, Step From Time, Renounce Religion,
Evoke Blink


You were on level 11 of the Dungeon.
You worshipped Cheibriados.
Cheibriados was exalted by your worship.
You were hungry.

You visited 3 branches of the dungeon, and saw 13 of its levels.

You collected 777 gold pieces.
You spent 225 gold pieces at shops.

Inventory:

Hand Weapons
 r - a +1 dagger
 C - the +8 dagger of the Valley (weapon) {vamp, +Blink rElec rN+++ Str-5}
   (You found it on level 6 of the Dungeon)

   It inflicts no extra harm, but heals its wielder somewhat when it strikes a
   living foe.
   It affects your strength (-5).
   It insulates you from electricity.
   It renders you almost immune to negative energy.
   It lets you blink.
Armour
 o - a +0 hat of magic resistance (worn)
Magical Staves
 I - an uncursed staff of cold
Jewellery
 g - an amulet of harm (around mantle)
 l - an uncursed ring of fire
 n - a +4 ring of intelligence (left tentacle)
 t - a ring of see invisible (on tentacle)
 w - an uncursed amulet of guardian spirit
 x - a ring of sustain attributes (right tentacle)
Wands
 f - a wand of slowing (30/48)
 s - a wand of flame (20/48)
 y - a wand of heal wounds (0/9)
 D - a wand of polymorph (14/24)
 N - a wand of flame (24/48)
Scrolls
 h - 7 scrolls of remove curse
 j - 3 scrolls of teleportation
 k - 3 scrolls of enchant armour
 p - a scroll of immolation
 u - 3 scrolls of enchant weapon
 v - 7 scrolls of identify
 A - a scroll of magic mapping
 J - a scroll of fog
Potions
 e - 2 potions of agility
 i - 3 potions of curing
 z - 3 potions of resistance
 B - a potion of ambrosia
 K - a potion of heal wounds {unknown}
Books
 a - a book of Frost

   Spells                             Type                      Level
   a - Freeze                         Ice                          1
   b - Throw Frost                    Conjuration/Ice              2
   c - Ozocubu's Armour               Charms/Ice                   3
   d - Throw Icicle                   Conjuration/Ice              4
   e - Summon Ice Beast               Ice/Summoning                4
 c - a book of Transfigurations

   Spells                             Type                      Level
   a - Irradiate                      Conjuration/Transmutation    5
   b - Statue Form                    Transmutation/Earth          6
   c - Hydra Form                     Transmutation                6
   d - Dragon Form                    Transmutation                7
 E - a book of the Dragon

   Spells                             Type                      Level
   a - Flame Tongue                   Conjuration/Fire             1
   b - Cause Fear                     Hexes                        4
   c - Bolt of Fire                   Conjuration/Fire             6
   d - Dragon Form                    Transmutation                7
   e - Dragon's Call                  Summoning                    9
 F - a book of Debilitation

   Spells                             Type                      Level
   a - Corona                         Hexes                        1
   b - Slow                           Hexes                        2
   c - Gell's Gravitas                Hexes/Translocation          3
   d - Inner Flame                    Hexes/Fire                   3
   e - Cause Fear                     Hexes                        4
   f - Leda's Liquefaction            Hexes/Earth                  4
 H - a book of Burglary

   Spells                             Type                      Level
   a - Swiftness                      Charms/Air                   2
   b - Passwall                       Transmutation/Earth          2
   c - Passage of Golubria            Translocation                4
   d - Lee's Rapid Deconstruction     Earth                        5
   e - Darkness                       Hexes                        6
   f - Invisibility                   Hexes                        6
 L - a book of Battle

   Spells                             Type                      Level
   a - Infusion                       Charms                       1
   b - Shroud of Golubria             Charms/Translocation         2
   c - Song of Slaying                Charms                       2
   d - Spectral Weapon                Hexes/Charms                 3
   e - Regeneration                   Charms/Necromancy            3
Comestibles
 b - 3 bread rations
 d - 4 meat rations
 q - 6 fruits
 G - 9 beef jerkies
 M - 9 royal jellies


   Skills:
 - Level 7.2 Fighting
 + Level 5.3 Dodging
 - Level 2.6 Stealth
 - Level 7.4 Spellcasting
 - Level 4.4 Conjurations
 - Level 3.0 Summonings
 + Level 6.4 Transmutations
 - Level 6.5 Ice Magic
 + Level 6.5 Earth Magic
 + Level 8.4 Invocations


You had 4 spell levels left.
You knew the following spells:

 Your Spells              Type           Power        Failure   Level  Hunger
a - Freeze                Ice            ####         1%          1    None
b - Throw Frost           Conj/Ice       ######       1%          2    None
c - Ozocubu's Armour      Chrm/Ice       #####...     1%          3    None
d - Summon Ice Beast      Ice/Summ       ######..     3%          4    None
e - Throw Icicle          Conj/Ice       ######..     2%          4    None
f - Statue Form           Tmut/Erth      ######...    30%         6    #####..


Dungeon Overview and Level Annotations

Branches:
Dungeon (11/15)            Temple (1/1) D:5            Lair (1/8) D:10
    Orc (0/2) D:9

Altars:
Ashenzari
Cheibriados
Dithmenos
Elyvilon
Fedhas
Gozag
Hepliaklqana
Kikubaaqudgha
Makhleb
Nemelex Xobeh
Okawaru
Pakellas
Qazlal
Ru
Sif Muna
Trog
Uskayaw
Vehumet
Xom
Yredelemnul
Zin
The Shining One
Beogh

Shops:
D:5 [   D:9 =

Annotations:
D:8 Erica
D:10 Psyche
D:11 Mygna's ghost, journeyman HOGl


Innate Abilities, Weirdness & Mutations

You cannot wear most types of armour.
You are amphibious.
You can wear up to eight rings at the same time.
You can use your tentacles to constrict eight enemies at once.
Your skin changes colour to match your surroundings (Stealth+).
Your rubbery body absorbs attacks. (AC +1)


Message History

A giant frog skeleton comes into view.
Found a hunting sling and a silver wand.
There is a stone staircase leading up here.
Mygna's ghost (journeyman Hill Orc Gladiator) comes into view.
A wight comes into view. It is wielding a scimitar.
Mygna's ghost screams, "I'll kill anyone who wants the ORB!"
The helpless giant frog skeleton fails to defend itself.
You impale the giant frog skeleton!! You grab the giant frog skeleton.
You squeeze the giant frog skeleton.
You destroy the giant frog skeleton!
Cheibriados thoroughly appreciates the change of pace.
You hit Mygna's ghost but do no damage.
You squeeze Mygna's ghost, but do no damage.
Mygna's ghost barely misses you. Mygna's ghost hits you!!
Mygna's ghost hits you!!
Ouch! That really hurt!
* * * LOW HITPOINT WARNING * * *
The wight closely misses you. Mygna's ghost hits you!
You die...

## #. ##.###...
#######@z......
.......W..)....
#####..........
#.............
#.##...../...#
# ##.....#..#
##...##...
##.## .# .#


You could see a wight and Mygna's ghost.

Vanquished Creatures
  Gastronok (D:8)
  The ghost of Daviar the Covert, a novice SpAs of Uskayaw (D:7)
  A black mamba (Lair:1)
  A centaur skeleton (D:10)
  A komodo dragon (Lair:1)
  A troll (D:9)
  12 yaks
  A wyvern (D:10)
  Grum (Lair:1)
  The ghost of st0uf the Shield-Bearer, an amateur FoFi (D:5)
  A hippogriff (Lair:1)
  3 hungry ghosts
  3 wargs (D:10)
  A porcupine (Lair:1)
  A soldier ant (D:9)
  3 orc warriors
  Purgy (D:3)
  An eye of draining (D:10)
  2 black bears
  3 wasps (D:9)
  2 sky beasts
  2 ogres
  3 wolves (Lair:1)
  2 centaurs
  A crocodile (Lair:1)
  A big kobold (D:7)
  4 giant frogs
  3 scorpions
  3 killer bees (D:6)
  3 vampire bats (D:9)
  A wight (D:10)
  2 howler monkeys (D:9)
  2 crimson imps
  8 orc priests
  A giant frog zombie (D:3)
  A jelly (D:8)
  2 giant frog skeletons
  2 quasits
  4 hounds
  5 iguanas
  6 orc wizards
  4 worker ants
  A killer bee zombie (D:9)
  A sheep (Lair:1)
  A hound skeleton (D:4)
  A worker ant zombie (D:9)
  A howler monkey zombie (D:9)
  9 river rats (Lair:1)
  12 adders
  A howler monkey skeleton (D:4)
  2 shadow imps (D:6)
  2 adder zombies
  3 adder skeletons
  A worm (D:4)
  2 dart slugs
  5 giant geckos
  36 orcs
  2 ball pythons
  3 bats
  3 bat skeletons (D:9)
  3 bat zombies (D:9)
  2 giant cockroaches
  4 goblins
  5 hobgoblins
  21 jackals
  5 quokkas
  A giant gecko zombie (D:5)
  6 giant newts
  2 jackal skeletons
  6 kobolds
  5 rats
248 creatures vanquished.

Vanquished Creatures (collateral kills)
  A hydra (D:9)
  2 centaur zombies
  Joseph (D:7)
  A spiny frog (Lair:1)
  A rime drake (Lair:1)
  10 yaks
  A hippogriff (Lair:1)
  A porcupine (Lair:1)
  3 orc warriors
  A necrophage (D:8)
  An ogre (D:7)
  A black bear (Lair:1)
  2 centaurs
  Blork the orc (D:4)
  2 wights (D:10)
  2 howler monkeys (D:9)
  A hound (D:7)
  2 orc priests
  2 orc wizards
  An iguana (Lair:1)
  2 sheep (Lair:1)
  An adder (D:9)
  12 orcs
  2 kobolds (D:7)
  A quokka skeleton (D:6)
55 creatures vanquished.

Vanquished Creatures (others)
  An orc wizard (D:8)
  A quokka (D:5)
  A fungus (Lair:1)
3 creatures vanquished.

Grand Total: 306 creatures vanquished

Notes
Turn   | Place    | Note
--------------------------------------------------------------
     0 | D:1      | oplop the Octopode Ice Elementalist began the quest for the Orb.
     0 | D:1      | Reached XP level 1. HP: 11/11 MP: 3/3
   217 | D:1      | Reached XP level 2. HP: 17/18 MP: 5/5
  1055 | D:2      | Found a deep blue altar of Sif Muna.
  1145 | D:2      | Found a glowing golden altar of the Shining One.
  1217 | D:2      | Reached XP level 3. HP: 22/22 MP: 7/7
  1413 | D:2      | Reached skill level 1 in Fighting
  1695 | D:3      | Reached XP level 4. HP: 22/28 MP: 2/8
  1895 | D:3      | Found a stormy altar of Qazlal.
  2096 | D:3      | Reached XP level 5. HP: 15/34 MP: 5/10
  2291 | D:3      | Learned a level 2 spell: Throw Frost
  2299 | D:3      | Learned a level 3 spell: Ozocubu's Armour
  2304 | D:3      | Learned a level 4 spell: Summon Ice Beast
  2310 | D:3      | Found a glowing golden altar of the Shining One.
  2335 | D:3      | Found a bloodstained altar of Trog.
  2595 | D:4      | Reached skill level 1 in Summonings
  2698 | D:4      | Noticed Blork the orc
  3143 | D:4      | Reached XP level 6. HP: 33/41 MP: 8/11
  3157 | D:5      | Entered Level 5 of the Dungeon
  3438 | D:5      | Found Zoco's Antique Armour Shoppe.
  3548 | D:5      | Found a staircase to the Ecumenical Temple.
  3572 | D:5      | Found a sparkling altar of Nemelex Xobeh.
  3593 | D:5      | Found a hazy altar of Hepliaklqana.
  3761 | D:5      | Found a basalt altar of Yredelemnul.
  3903 | D:5      | Noticed a sky beast
  3923 | D:5      | Killed a sky beast
  4212 | D:5      | Reached XP level 7. HP: 44/46 MP: 13/13
  4262 | D:5      | Found a sacrificial altar of Ru.
  4326 | D:5      | Found an opulent altar of Gozag.
  4326 | D:5      | Noticed st0uf's ghost (amateur FoFi)
  4535 | Temple   | Entered the Ecumenical Temple
  4692 | Temple   | Became a worshipper of Cheibriados the Contemplative
  4880 | D:6      | Reached skill level 5 in Ice Magic
  5236 | D:6      | Got a polished dagger
  5242 | D:6      | Identified the +8 dagger of the Valley {vamp, +Blink rElec rN+++ Str-5} (You found it on level 6 of the Dungeon)
  5322 | D:7      | Noticed Daviar's ghost (novice SpAs)
  5477 | D:7      | Reached skill level 5 in Spellcasting
  5477 | D:7      | Reached skill level 1 in Invocations
  5477 | D:7      | Reached XP level 8. HP: 54/54 MP: 10/15
  5511 | D:7      | Reached * piety under Cheibriados
  5515 | D:7      | Reached skill level 2 in Invocations
  5552 | D:7      | Noticed Joseph
  5596 | D:7      | Killed Daviar's ghost
  5596 | D:7      | Reached skill level 5 in Fighting
  5596 | D:7      | Reached skill level 3 in Invocations
  5656 | D:7      | Found a shadowy altar of Dithmenos.
  5790 | D:7      | Reached XP level 9. HP: 61/61 MP: 6/17
  5896 | D:7      | Reached ** piety under Cheibriados
  5998 | D:7      | Killed Joseph
  5998 | D:7      | Reached skill level 4 in Invocations
  6018 | D:7      | Found a glowing silver altar of Zin.
  6264 | D:7      | Learned a level 4 spell: Throw Icicle
  6272 | D:7      | Learned a level 6 spell: Statue Form
  6335 | D:8      | Noticed Erica
  6464 | D:8      | Noticed Gastronok
  6853 | D:8      | Reached skill level 1 in Earth Magic
  7019 | D:9      | Reached skill level 1 in Transmutations
  7148 | D:9      | Noticed a troll
  7155 | D:9      | Killed a troll
  7482 | D:9      | Reached skill level 5 in Invocations
  7679 | D:9      | Found Cauladat's Jewellery Shop.
  7682 | D:9      | Bought an uncursed ring of see invisible for 225 gold pieces
  7684 | D:9      | Noticed a five-headed hydra
  7763 | D:9      | Found an ancient bone altar of Kikubaaqudgha.
  7778 | D:9      | Reached *** piety under Cheibriados
  7975 | D:10     | Entered Level 10 of the Dungeon
  8055 | D:10     | Reached XP level 10. HP: 55/69 MP: 20/20
  8161 | D:10     | Found a staircase to the Lair.
  8201 | D:10     | Reached skill level 6 in Invocations
  8333 | D:10     | Reached **** piety under Cheibriados
  8704 | D:10     | Noticed Psyche
  8754 | Lair:1   | Entered Level 1 of the Lair of Beasts
  9130 | Lair:1   | Noticed Grum
  9130 | Lair:1   | Killed Grum
  9131 | Lair:1   | Noticed a black mamba
  9134 | Lair:1   | Wingboner: >l1
  9134 | Lair:1   | Wingboner: >chei
  9134 | Lair:1   | Wingboner: >13 EV
  9134 | Lair:1   | oplop: мм, и чо
  9134 | Lair:1   | Wingboner: Ты играешь НЕПРАВИЛЬНО!
  9134 | Lair:1   | oplop: я статую нашел, мне надо вкачать статую
  9143 | Lair:1   | Killed a black mamba
  9498 | Lair:1   | Reached XP level 11. HP: 75/75 MP: 11/22
  9596 | Lair:1   | Reached skill level 7 in Invocations
  9747 | Lair:1   | Reached skill level 5 in Earth Magic
  9792 | Lair:1   | Reached skill level 5 in Transmutations
 10073 | D:8      | Killed Gastronok
 10281 | D:6      | Reached ***** piety under Cheibriados
 10368 | D:4      | Wingboner: Не знаете, зачем Уку переименовали?
 10368 | D:4      | oplop: а как было?
 10368 | D:4      | namelastname112: знаю
 10368 | D:4      | oplop: Uka?
 10368 | D:4      | namelastname112: чебы его с окой не путали
 10371 | D:4      | namelastname112: он теперь уска
 10372 | D:4      | Wingboner: Лол.
 10384 | D:4      | namelastname112: не, сириусли, разрабы так и сказали
 10391 | D:4      | Killed Blork the orc
 10474 | D:3      | Found a shimmering altar of Xom.
 10481 | D:3      | Wingboner: 10 крабов из десяти.
 10591 | D:3      | namelastname112: http://s-z.org/neil/git/?p=crawl.git;a=commit;h=de47aebf173e9a7152fcc52e52c15427b4f682db
 10603 | D:3      | Noticed Purgy
 10608 | D:3      | Killed Purgy
 10909 | D:5      | Wingboner: Не понял прикола. У меня вонь и rF.
 10909 | D:5      | Wingboner: ??ds mutation rules
 10909 | D:5      | beem: ds mutation rules[1/5]: Assuming you aren't monstrous, you get five facets, each consisting of three mutations (which usually just stack together). You will get one scales-type facet, one body-slot facet, two tier 2 facets, and one tier 3 facet.
 10916 | D:5      | Found a white marble altar of Elyvilon.
 10925 | D:5      | Wingboner: ??ds mutation rules[2
 10926 | D:5      | beem: ds mutation rules[2/5]: The {scales}-type facets are icy blue, iridescent, molten, rough black, rugged brown, slimy green, thin metallic, or yellow scales, or alternatively thin skeletal structure, large bone plates, or a repulsion field. Body-slot facets: claws, horns, antennae, hooves, talons.
 10929 | D:5      | Wingboner: ??ds mutation rules[3
 10949 | D:5      | beem: ds mutation rules[3/5]: Tier 2 facets: powered by death, powered by pain, demonic guardian, nightstalker, spiny, rot (rRot, foul stench), fire (flame cloud immunity, rF+, ignite blood), ice (freezing cloud immunity, rC+, icemail), magic shield.
 10991 | D:5      | Wingboner: ??ds mutation rules[4
 10992 | D:5      | beem: ds mutation rules[4/5]: Tier 3 facets: robust (+30% HP), negative energy (rN+/rTorment/black mark), {augmentation} (+slay/spellpower scaling with HP), ice (rC+, freezing cloud immunity, passive freeze), fire (rF+, flame cloud immunity, hellfire). Ice/fire facets are incompatible, as are foul stench/ignite blood.
 10998 | D:5      | Killed st0uf's ghost
 11010 | D:5      | Wingboner: А, это хф.
 11096 | D:5      | Found an oddly glowing altar of Pakellas.
 11098 | D:5      | Found a radiant altar of Vehumet.
 11111 | D:5      | Wingboner: Тогда нормальнор.
 11276 | D:8      | namelastname112: ммм
 11303 | D:9      | namelastname112: хексеров-анцесторов понерфили
 11304 | D:9      | Wingboner: Очень давно, кстати, мне хф не падало.
 11314 | D:8      | Wingboner: Как именно?
 11362 | D:9      | Wingboner: И ЗАЧЕМ?
 11363 | D:9      | jacquesderrida: Так так так што тут у нас
 11366 | D:9      | Killed a five-headed hydra
 11366 | D:9      | Reached skill level 8 in Invocations
 11367 | D:9      | jacquesderrida: ахахаха ПОЛ ПОТ ну наканецта!!
 11367 | D:9      | oplop: были слишком полезны, видимо
 11367 | D:9      | namelastname112: http://s-z.org/neil/git/?p=crawl.git;a=commit;h=27e6f0273382c8b9b790b2d2f5bc7e9e06e1f878
 11454 | D:9      | namelastname112: ну вообще да
 11478 | D:9      | namelastname112: у них масс слоу и масс конфуз по сути
 11507 | D:9      | Reached skill level 5 in Dodging
 11511 | D:9      | Reached ****** piety under Cheibriados
 11513 | D:9      | namelastname112: а теперь либо одно, либо другое
 11518 | D:9      | Found a staircase to the Orcish Mines.
 11519 | D:9      | Found a roughly hewn altar of Beogh.
 11586 | D:9      | namelastname112: http://s-z.org/neil/git/?p=crawl.git;a=commit;h=753906c86857873da335d43bb99e7ab64d97dff5
 11586 | D:9      | namelastname112: норм коммит
 11586 | D:9      | Wingboner: Я как раз в болтомага собираюсь, мне годно.
 11655 | D:9      | namelastname112: лол
 11655 | D:9      | namelastname112: это че за коммит
 11655 | D:9      | namelastname112: http://s-z.org/neil/git/?p=crawl.git;a=commit;h=f8766ccd24c440143efedb60ad67c8c9f62dd635
 12131 | D:11     | Noticed Mygna's ghost (journeyman HOGl)
 12137 | D:11     | Mangled by Mygna's ghost

Vault maps used:
D:1:      dpeg_arrival_boxorama
D:2:      nicolae_overflow_crystal_walls, old_standard_altar, first_bread
D:3:      lemuel_upstairs_altar, bloody_trog, lemuel_doored_altar,
          tso_metal_star, uniq_purgy
D:4:      uniq_blork_the_orc
D:5:      nicolae_ru_awakened_eye,
          nicolae_gozag_cash_rules_everything_around_me,
          overflow_temple_1_default, elyvilon_altar_4, kennysheep_little_box,
          nemelex_deck, gammafunk_temple_overflow_statue,
          minmay_temple_entry_from_below_a, serial_shops, shop,
          minmay_crystal_water
D:6:      minmay_misc_feat_tiny
D:7:      lemuel_coloured_pillars_altar, basic_altar, uniq_joseph
D:8:      uniq_gastronok, uniq_erica
D:9:      kennysheep_vampire_church, david_orc_5, serial_shops,
          kennysheep_mini_moat, hangedman_pestilent_swarm
D:10:     erik_lair_orcish_takeover, uniq_psyche
D:11:     serial_shops, shop
Temple:   minmay_temple_curvy_8
Lair:1:   grunt_megastairs_5, infiniplex_staircase_pool_2, uniq_grum

Skill      XL: |  1  2  3  4  5  6  7  8  9 10 11 |
---------------+----------------------------------+-----
Fighting       | 1 2 3 4 5 6 7 |  7.2
Spellcasting   | 3 4 5 6 7 |  7.4
Ice Magic      | 4 5 6 |  6.5
Summonings     | 1 2 3 |  3.0
Invocations    | 1 3 5 6 8 |  8.4
Earth Magic    | 2 4 6 |  6.5
Transmutations | 2 4 6 |  6.4
Conjurations   | 2 4 |  4.4
Dodging        | 5 |  5.3
Stealth        | |  2.6

Action                   |  1- 3 |  4- 6 |  7- 9 | 10-12 || total
-------------------------+-------+-------+-------+-------++-------
Melee: Unarmed           |    52 |       |       |       ||    52
       Constrict         |    25 |    23 |    39 |    48 ||   135
       Tentacles         |    11 |    16 |    33 |    87 ||   147
       Dagger            |    18 |    81 |   186 |   245 ||   530
 Cast: Freeze            |    15 |    32 |    10 |     8 ||    65
       Summon Ice Beast  |       |       |    22 |    48 ||    70
       Throw Frost       |       |       |    10 |     1 ||    11
       Ozocubu's Armour  |       |       |     8 |    15 ||    23
       Throw Icicle      |       |       |     4 |    18 ||    22
Invok: Slouch            |       |       |       |     2 ||     2
       Bend Time         |       |       |       |     1 ||     1
Evoke: Wand              |       |       |       |     1 ||     1
  Use: Scroll            |     5 |     8 |     6 |     4 ||    23
       Potion            |       |       |     3 |     2 ||     5
 Stab: Sleeping          |     9 |     8 |    11 |     6 ||    34
       Distracted        |     1 |       |     4 |     8 ||    13
       Invisible         |       |       |     1 |       ||     1
  Eat: Chunk             |     2 |     8 |    13 |    10 ||    33
       Royal jelly       |       |       |     1 |       ||     1
       Pizza             |       |       |     1 |       ||     1
       Beef jerky        |       |       |     1 |       ||     1
Armor: Skin              |     7 |     3 |    25 |    49 ||    84
Dodge: Dodged            |    52 |    58 |   133 |   228 ||   471
